 Dungeon Crawl Stone Soup version 0.30-a0-585-g93115170b9 (webtiles) character file.

Game seed: 9137009108045508940

131 bmack86 the Covered (level 4, -1/41 HPs)
             Began as a Minotaur Fighter on Jan 2, 2023.
             Slain by Grinder (5 damage)
             ... on level 3 of the Dungeon.
             The game lasted 00:05:31 (1702 turns).

bmack86 the Covered (Minotaur Fighter)              Turns: 1702, Time: 00:05:32

Health: -1/41      AC:  7    Str: 23    XL:     4   Next: 91%
Magic:  3/3        EV:  9    Int:  5    God:
Gold:   85         SH:  5    Dex: 15    Spells: 3/3 levels left

rFire   . . .      SeeInvis .    a - +1 war axe
rCold   . . .      Faith    .    c - +0 buckler
rNeg    . . .      Spirit   .    b - +0 scale mail
rPois   .          Reflect  .    (helmet restricted)
rElec   .          Harm     .    (no cloak)
rCorr   .          Rampage  .    (no gloves)
Will    .....                    (no boots) Stlth
                                 (no amulet)
HPRegen 0.26/turn                l - +6 ring of dexterity
MPRegen 0.08/turn                o - ring of flight

@: flying
A: horns 2, retaliatory headbutt
a: no special abilities


You were on level 3 of the Dungeon.
You visited 1 branch of the dungeon, and saw 3 of its levels.

You collected 85 gold pieces.

Inventory:

Hand Weapons
 a - a +1 war axe (weapon)
 u - a +1 hand axe of flaming
Missiles
 k - 5 boomerangs (quivered)
Armour
 b - a +0 scale mail (worn)
 c - a +0 buckler (worn)
Jewellery
 h - a ring of magical power
 l - a +6 ring of dexterity (left hand)
 m - a ring of fire
 o - a ring of flight (right hand)
Scrolls
 e - 2 scrolls of teleportation {unknown}
 g - a scroll of blinking
 r - a scroll of identify
 t - a scroll of vulnerability
Potions
 d - a potion of might
 f - a potion of brilliance {unknown}
 i - 2 potions of haste {unknown}
 j - 3 potions of curing
 n - a potion of lignification {unknown}
 p - a potion of resistance {unknown}
 q - a potion of flight {unknown}


   Skills:
 + Level 4.3 Fighting
 * Level 4.2 Axes
 + Level 1.1 Throwing
 + Level 4.4 Armour
 + Level 4.3 Shields


You had 3 spell levels left.
You didn't know any spells.
Your spell library contained the following spells:

 Spells                   Type           Power      Damage    Failure   Level
 Shock                    Conj/Air       0%         1d3       86%         1
 Cigotuvi's Dreadful Rot  Necr/Pois/Air  0%         N/A       95%         2
 Poisonous Vapours        Pois/Air       0%         N/A       95%         2
 Ignite Poison            Fire/Tmut/Pois 0%         N/A       99%         3
 Kindle Blastsparks       Fire/Tloc/Air  0%         2d10      99%         3
 Mephitic Cloud           Conj/Pois/Air  0%         N/A       99%         3
 Swiftness                Air            0%         N/A       99%         3
 Airstrike                Air            0%         2d(0-16)  100%        4
 Freezing Cloud           Conj/Ice/Air   0%         6-21      100%        5


Dungeon Overview and Level Annotations

Branches:
Dungeon (3/15)

Altars:

Annotations:
D:3 Grinder


Innate Abilities, Weirdness & Mutations

You have a pair of horns on your head.
You reflexively headbutt those who attack you in melee.


Message History

Grinder blinks!
Grinder gestures at you. You resist with significant effort.
Grinder hits you but does no damage.
You barely miss Grinder.
Grinder is lightly wounded.
Grinder hits you.
You slash Grinder!
Grinder is moderately wounded.
Grinder blinks!
Grinder gestures at you.
You suddenly lose the ability to move!
Grinder gestures at you. Pain shoots through your body!
Grinder gestures at you. Pain shoots through your body!
Grinder gestures at you. Pain shoots through your body!
You can move again.
Grinder blinks!
Grinder hits you.
* * * LOW HITPOINT WARNING * * *
You writhe in agony.
* * * LOW HITPOINT WARNING * * *
You completely miss Grinder.
Grinder is moderately wounded.
Grinder barely misses you.
You hit Grinder.
Grinder is moderately wounded.
You block Grinder's attack.
You closely miss Grinder.
Grinder is moderately wounded.
Grinder hits you but does no damage. Grinder barely misses you.
You furiously retaliate!
You headbutt Grinder, but do no damage. You hit Grinder.
Grinder is heavily wounded.
Grinder hits you.
* * * LOW HITPOINT WARNING * * *
You writhe in agony.
You die...

#..........
#...#######
######..........
#.........#####.
#.####...## #. #.#
#....# #. #.#
#.#..# #. ###.#
#.#..######. #@..#
#[#.....[... #5###
#.##.######. #.#
#....# #. #.#
#.#########. #.#
#.# #....... #.#
#.###.###### #.#
#.##...##### #.#
##....#....##
#.####...#...##.##


You could see Grinder.

Vanquished Creatures
  Jessica (D:3)
  3 gnolls (D:3)
  2 adders
  2 dart slugs
  An endoplasm (D:2)
  2 giant cockroaches (D:1)
  6 goblins
  7 hobgoblins
  3 jackals (D:2)
  6 ball pythons (D:1)
  5 bats
  5 frilled lizards
  8 kobolds
  6 rats
57 creatures vanquished.

Notes
Turn   | Place    | Note
-------+----------+-------------------------------------------
     0 | D:1      | bmack86 the Minotaur Fighter began the quest for the Orb.
     0 | D:1      | Reached XP level 1. HP: 19/19 MP: 0/0
   126 | D:1      | Reached XP level 2. HP: 27/27 MP: 1/1
   341 | D:1      | Reached XP level 3. HP: 31/33 MP: 2/2
   771 | D:2      | Identified the +2 leather armour "Atygoqad" {MP+9 Str-4
                  | Dex+4}
  1215 | D:3      | Reached XP level 4. HP: 40/40 MP: 3/3
  1332 | D:3      | Noticed Jessica
  1338 | D:3      | Killed Jessica
  1339 | D:3      | Reached skill level 1 in Throwing
  1683 | D:3      | Noticed Grinder
  1691 | D:3      | Paralysed by Grinder for 5 turns
  1702 | D:3      | Slain by Grinder

Illustrated notes

Levels and vault maps discovered:
D:1:      ncdulo_lavacross, layout_rooms, lemuel_flame_loot_1
D:2:      layout_rooms
D:3:      layout_loops_ring, grunt_ministairs_3, uniq_jessica, uniq_grinder

Skill      XL: |  1  2  3  4 |
---------------+-------------+-----
Axes           | 3 4 |  4.2
Armour         | 4 |  4.4
Fighting       | 4 |  4.3
Shields        | 4 |  4.3
Throwing       | 1 |  1.1

Action                   |  1- 3 |  4- 6 || total
-------------------------+-------+-------++-------
Melee: War axe           |    76 |    25 ||   101
       Headbutt          |    11 |     4 ||    15
Throw: Boomerang         |    15 |       ||    15
  Use: Scroll            |    10 |       ||    10
Armor: Scale mail        |    48 |     9 ||    57
Dodge: Dodged            |    54 |    12 ||    66
Block: Buckler           |    24 |     7 ||    31

Table legend: (Time is in decaauts)
 A = Elapsed time spent in this place.
 B = Non-inter-level travel time spent in this place.
 C = Inter-level travel time spent in this place.
 D = Time resting spent in this place.
 E = Time spent auto-exploring this place.
 F = Levels seen in this place.
 G = Mean time per level.
                   A        B        C        D        E       F      G
               +--------+--------+--------+--------+--------+-----+--------+
         Total |   1749 |   1676 |     73 |     34 |   1091 |   3 |  583.0 |
       Dungeon |   1749 |   1676 |     73 |     34 |   1091 |   3 |  583.0 |
               +--------+--------+--------+--------+--------+-----+--------+

Top non-repeatable levels by time:
     D:3: 596 daAuts
     D:2: 582 daAuts
     D:1: 569 daAuts
